 Dungeon Crawl Stone Soup version bcrawl-1.12-8-g964540c432 (webtiles) character file.

Game seed: 17477803092770391106

70 MisterOstroum the Skirmisher (level 4, -17/35 HPs)
             Began as a Demonspawn Archaeologist on June 3, 2019.
             Demolished by Crazy Yiuf
             ... wielding a +2 quarterstaff of chaos
              (18 damage)
             ... on level 2 of the Dungeon.
             The game lasted 00:04:41 (3993 turns).

MisterOstroum the Skirmisher (DsAc)                 Turns: 3993, Time: 00:04:42

Health: -17/35     AC: 16    Str: 13    XL:     4   Next: 3%
Magic:  4/4        EV:  3    Int: 15    God:
Gold:   79         SH:  0    Dex: 11    Spells: 3/3 levels left

rFire    + . .     SeeInvis +   l - +0 whip
rCold    . . .     Gourm    .   (no shield)
rNeg     . . .     Faith    .   s - +0 plate armour
rPois    .         Spirit   .   b - +1 hat
rElec    .         Reflect  .   o - +0 cloak
rCorr    .         Harm     .   d - +1 pair of gloves
MR       .....                  c - +1 pair of boots
Stlth    ..........             (no amulet)
HPRegen  0.11/turn              p - ring of see invisible
MPRegen  0.09/turn              (no ring)

@: lethally poisoned (-17 -> -22), studying Polearms, lightly drained
A: claws 1, fire resistance 1
a: no special abilities


You were on level 2 of the Dungeon.
You were not hungry.

You visited 1 branch of the dungeon, and saw 2 of its levels.

You collected 79 gold pieces.

Inventory:

Hand Weapons
 l - a +0 whip (weapon)
Missiles
 h - 267 stones (quivered)
Armour
 a - a +1 robe
 b - a +1 hat (worn)
 c - a +1 pair of boots (worn)
 d - a +1 pair of gloves (worn)
 o - a +0 cloak (worn)
 s - a +0 plate armour (worn)
Jewellery
 p - a ring of see invisible (left hand)
Scrolls
 i - 2 scrolls of fear {unknown}
 j - a scroll of immolation {unknown}
 m - a scroll of noise {unknown}
 n - a scroll of amnesia {unknown}
 q - a scroll of remove curse {unknown}
 r - a scroll of enchant weapon {unknown}
 v - a scroll of teleportation {unknown}
Potions
 k - a potion of cancellation {unknown}
 t - a potion of agility {unknown}
Books
 g - a manual of Polearms
Miscellaneous
 f - an ancient crate
Comestibles
 e - 4 rations {!d}


   Skills:
 - Level 3.2(2.9) Fighting
 + Level 2.7(2.5) Polearms
 - Level 2.6(2.4) Dodging
 - Level 3.0(2.7) Stealth


You had 3 spell levels left.
You didn't know any spells.
Your spell library was empty.

Dungeon Overview and Level Annotations

Branches:
Dungeon (2/12)

Altars:
Yredelemnul

Annotations:
D:2 Crazy Yiuf


Innate Abilities, Weirdness & Mutations

You have sharp fingernails.
Your flesh is heat resistant. (rF+)


Message History

The spectral orc is moderately damaged.
The spectral orc hits you but does no damage.
Your plate armour prevents you from hitting the spectral orc.
The spectral orc is moderately damaged.
The spectral orc hits you.
You barely miss the spectral orc.
The spectral orc is moderately damaged.
The spectral orc hits you.
You feel drained.
You hit the spectral orc.
The spectral orc is heavily damaged.
The spectral orc hits you but does no damage.
The spectral orc hits you.
You hit the spectral orc.
You destroy the spectral orc!
No target in view!
No target in view!
You are caught in the web!
There is a web here.
You disentangle yourself.
You are caught in the web!
There is a web here.
You disentangle yourself.
There is a basalt altar of Yredelemnul here.
You kneel at the altar of Yredelemnul.
Unknown command.
Press < or > to pray at altars.
You pick your way through the web.
There is a web here.
There is an open door here.
Eating one of 4 chunks of flesh.
You eat one of the 4 chunks of flesh.
This raw flesh tastes terrible.
You see here a +0 club.
Partly explored, unopened runed door.
You open the door.
Crazy Yiuf the Enlightened comes into view.
He is wielding a +2 quarterstaff of chaos and wearing a +0 cloak of invisibility.
Found a runed mace.
Throwing (i - inventory)
h - 269 stones (quivered)
Press: ? - help, Shift-Dir - straight line, f - Crazy Yiuf
Aim: Crazy Yiuf, wielding a +2 quarterstaff of chaos and wearing a +0 cloak of invisibility You throw a stone.
The stone hits Crazy Yiuf but does no damage.
Throwing (i - inventory)
h - 268 stones (quivered)
Press: ? - help, Shift-Dir - straight line, f/p - Crazy Yiuf
Aim: Crazy Yiuf, wielding a +2 quarterstaff of chaos and wearing a +0 cloak of invisibility You throw a stone.
The stone barely misses Crazy Yiuf.
You barely miss Crazy Yiuf. Crazy Yiuf hits you but does no damage.
You hit Crazy Yiuf but do no damage.
Crazy Yiuf says, "Pitchfork!
Orb alas tired."
Crazy Yiuf hits you but does no damage.
You hit Crazy Yiuf.
Crazy Yiuf is moderately wounded.
Crazy Yiuf hits you with a +2 quarterstaff of chaos.
Your plate armour prevents you from hitting Crazy Yiuf.
Crazy Yiuf is moderately wounded.
Crazy Yiuf hits you but does no damage.
You barely miss Crazy Yiuf.
Crazy Yiuf is moderately wounded.
Crazy Yiuf barely misses you.
You hit Crazy Yiuf.
Crazy Yiuf is heavily wounded.
Crazy Yiuf hits you but does no damage.
All of the chunks of flesh in your inventory have rotted away.
You hit Crazy Yiuf.
Crazy Yiuf is heavily wounded.
Crazy Yiuf hits you but does no damage.
You are electrocuted!
You hit Crazy Yiuf.
Crazy Yiuf is severely wounded.
Crazy Yiuf whimpers, "Ghoul!
Buddy sing King."
Crazy Yiuf drinks a potion.
Crazy Yiuf seems to grow stronger.
You closely miss Crazy Yiuf.
Crazy Yiuf is severely wounded.
Crazy Yiuf hits you with a +2 quarterstaff of chaos!
* * * LOW HITPOINT WARNING * * *
Crazy Yiuf draws strength from your wounds!
You closely miss Crazy Yiuf.
Crazy Yiuf is heavily wounded.
Crazy Yiuf hits you but does no damage.
You hit Crazy Yiuf but do no damage.
Crazy Yiuf is heavily wounded.
Crazy Yiuf hits you but does no damage.
You hit Crazy Yiuf but do no damage.
Crazy Yiuf is heavily wounded.
Crazy Yiuf hits you but does no damage.
You hit Crazy Yiuf but do no damage.
Crazy Yiuf is heavily wounded.
Crazy Yiuf hits you but does no damage.
You are poisoned.
You hit Crazy Yiuf.
Crazy Yiuf is severely wounded.
You feel sick. Crazy Yiuf hits you but does no damage.
You hit Crazy Yiuf but do no damage.
Crazy Yiuf is severely wounded.
You feel sick. Crazy Yiuf barely misses you.
You hit Crazy Yiuf but do no damage.
Crazy Yiuf is severely wounded.
Crazy Yiuf hits you with a +2 quarterstaff of chaos!
* * * LOW HITPOINT WARNING * * *
You are electrocuted!!
Ouch! That really hurt!
You die...

#####.....##
#.........###### #
#>........'#
#######........# #
..........## #...####.###
........### #####
#........... ........#
#)..# #########.#.
........#### #...#
#########... ........'..#
... #...........
........#### #g#
#........... .รทรท.....#
#@## ##########..
#.########## ##.#
#........... #.# #....#
#.## ###......... #.#
#....# ##.# ######.#.. #.#
#....# ##.## ###### #.#..
#.#####....# ##...# #....#
#.#.. #..........# #....#
#....###.#.. #######.)).#
#....# #....'......
#....#####..####....###.#..


You could see Crazy Yiuf.

Vanquished Creatures
  3 oozes (D:2)
  3 worms
  A dart slug (D:1)
  A leopard gecko (D:2)
  4 giant cockroaches
  6 hobgoblins
  6 jackals (D:1)
  5 kobolds
  A quokka (D:2)
  3 frilled lizards
  7 goblins
  3 rats
  A spectral orc (D:2)
44 creatures vanquished.

Notes
Turn   | Place    | Note
-------+----------+-------------------------------------------
     0 | D:1      | MisterOstroum the Demonspawn Archaeologist began the quest
                  | for the Orb.
     0 | D:1      | Reached XP level 1. HP: 15/15 MP: 1/1
   506 | D:1      | Gained mutation: You have sharp fingernails. [demonic
                  | ancestry]
   506 | D:1      | Reached XP level 2. HP: 16/22 MP: 2/2
  1154 | D:1      | Gained mutation: Your flesh is heat resistant. (rF+)
                  | [demonic ancestry]
  1154 | D:1      | Reached XP level 3. HP: 23/29 MP: 3/3
  2089 | D:2      | Reached skill level 1 in Polearms
  3194 | D:2      | Noticed a phantom
  3662 | D:2      | Found a runed door.
  3727 | D:2      | Reached XP level 4. HP: 35/35 MP: 4/4
  3859 | D:2      | Found a basalt altar of Yredelemnul.
  3975 | D:2      | Noticed Crazy Yiuf
  3993 | D:2      | HP: 1/35 [Crazy Yiuf/+2 quarterstaff of chaos (8)]
  3993 | D:2      | Demolished by Crazy Yiuf

Skill      XL: |  1  2  3 |
---------------+----------+-----
Fighting       | 2 3 |  3.2
Polearms       | 2 |  2.7
Dodging        | |  2.6
Stealth        | |  3.0

Action                   |  1- 3 |  4- 6 || total
-------------------------+-------+-------++-------
Melee: Unarmed           |    81 |       ||    81
       Whip              |   232 |    30 ||   262
Throw: Stone             |    39 |     4 ||    43
 Stab: Sleeping          |     6 |       ||     6
  Eat: Chunk             |     6 |     1 ||     7
       Ration            |     1 |       ||     1
Armor: Robe              |   129 |       ||   129
       Plate armour      |       |    19 ||    19
Dodge: Dodged            |   208 |     2 ||   210
